 Dungeon Crawl Stone Soup version 0.19.3 (webtiles) character file.

17563 Queen the Fencer (level 12, -1/169 HPs)
             Began as a Minotaur Berserker on Jan 22, 2017.
             Was a High Priest of Trog.
             Slain by an 11-headed hydra (3 damage)
             ... on level 2 of the Lair of Beasts.
             The game lasted 00:42:04 (11605 turns).

Queen the Fencer (Minotaur Berserker)              Turns: 11605, Time: 00:42:05

Health: -1/169     AC: 17    Str: 35    XL:     12   Next: 20%
Magic:  11/11      EV:  9    Int:  4    God:    Trog [*****.]
Gold:   827        SH:  0    Dex: 14    Spells: 0 memorised, 11 levels left

rFire  . . .     SeeInvis .     E - +8 falchion of Cheibriados {slice, Str+2}
rCold  + . .     Gourm    .     K - +0 plate armour
rNeg   . . .     Faith    .     (no shield)
rPois  .         Spirit   .     (helmet restricted)
rElec  .         Reflect  .     B - +2 cloak
rCorr  .         Harm     .     (no gloves)
MR     ++...                    (no boots)
Stlth  ..........               Q - amulet of regeneration
                                a - +5 ring of strength
                                C - ring of protection from cold

@: berserking, regenerating, very quick
A: retaliatory headbutt, horns 2
a: Berserk, Trog's Hand, Brothers in Arms, Burn Spellbooks, Renounce Religion


You were on level 2 of the Lair of Beasts.
You worshipped Trog.
Trog was extremely pleased with you.
You were near starving.

You visited 2 branches of the dungeon, and saw 14 of its levels.

You collected 827 gold pieces.

Inventory:

Hand Weapons
 E - the +8 falchion of Cheibriados (weapon) {slice, Str+2}
   (You found it on level 1 of the Lair of Beasts)

   It inflicts extra damage upon your enemies.
   It affects your strength (+2).
 S - a +2 antimagic triple sword
Armour
 B - a +2 cloak (worn)
 K - a +0 plate armour (worn)
Jewellery
 a - a +5 ring of strength (right hand)
 l - an uncursed ring of flight
 C - a ring of protection from cold (left hand)
 O - an uncursed amulet of harm
 Q - an amulet of regeneration (around neck)
 R - a +4 ring of intelligence
 Z - an uncursed ring of resist corrosion {unknown}
Wands
 f - a wand of lightning (3/15)
 u - a wand of random effects (6/48)
 v - a wand of teleportation (4/9)
 y - a wand of flame (21/48)
 F - a wand of slowing (24/48)
 G - a wand of teleportation (3/9)
 J - a wand of confusion (40/48)
 N - a wand of iceblast (2/15)
 P - a wand of iceblast (5/15)
Scrolls
 b - 2 scrolls of magic mapping
 g - 3 scrolls of enchant armour
 h - 6 scrolls of enchant weapon
 m - a scroll of recharging {unknown}
 o - 3 scrolls of fear
 t - 6 scrolls of remove curse
 w - a scroll of blinking {unknown}
 x - 3 scrolls of teleportation
 A - 2 scrolls of fog
 I - a scroll of brand weapon {unknown}
 M - a scroll of random uselessness {unknown}
Potions
 d - 3 potions of curing
 e - 2 potions of might
 j - 3 potions of heal wounds
 k - 4 potions of brilliance
 n - 2 potions of agility
 q - a potion of ambrosia
 s - a potion of berserk rage
 L - 2 potions of flight {unknown}
 T - 2 potions of cure mutation {unknown}
 V - a potion of resistance {unknown}
 W - a potion of magic {unknown}
 Y - 2 potions of invisibility {unknown}
Comestibles
 c - 11 bread rations
 p - 8 meat rations
 r - 12 royal jellies
 z - 2 slices of pizza
 D - 2 beef jerkies
 H - 7 fruits


   Skills:
 * Level 12.7 Fighting
 - Level 17.4 Long Blades
 + Level 9.4 Armour
 - Level 2.1 Dodging


You had 11 spell levels left.
You didn't know any spells.

Dungeon Overview and Level Annotations

Branches:
Dungeon (11/15)            Temple (0/1) D:6            Lair (3/6) D:8
 Shoals (0/4) Lair:2        Snake (0/4) Lair:2
    Orc: D:9-12

Altars:
Ashenzari
Cheibriados
Dithmenos
Kikubaaqudgha
Makhleb
Ru
Sif Muna
Trog
Uskayaw
Vehumet
Yredelemnul
The Shining One

Shops:
D:10 (


Innate Abilities, Weirdness & Mutations

You reflexively headbutt those who attack you in melee.
You have a pair of horns on your head.


Message History

Your headbutt misses the ten-headed hydra.
The ten-headed hydra is severely wounded.
You lop one of the ten-headed hydra's heads off!
The nine-headed hydra grows two more!
You slash the 11-headed hydra! You headbutt the 11-headed hydra.
The 11-headed hydra is almost dead.
The 11-headed hydra bites you.
* * * LOW HITPOINT WARNING * * *
The 11-headed hydra barely misses you. The 11-headed hydra bites you.
* * * LOW HITPOINT WARNING * * *
The 11-headed hydra bites you.
* * * LOW HITPOINT WARNING * * *
The 11-headed hydra bites you but does no damage.
The 11-headed hydra bites you!
* * * LOW HITPOINT WARNING * * *
The 11-headed hydra bites you but does no damage.
The 11-headed hydra bites you!
* * * LOW HITPOINT WARNING * * *
The 11-headed hydra bites you.
You die...

###..........#.# #...#####..
##.#..........# #....P.#PP.
##.......(P....## ##....P....
#.......#.......# #P.........
##............#.# #..........
###....)....###########.........
#..............##....#.#.#...#
#P...#........D#.....#..#..#..
#....#.P.....@.?.........#.#..
####....###>...†.†.##............
..#.#.#.###..........#...........
......#..######.....###..........
.>.)..P..## #.##...#.P.P##PP....
......P.#.# #...#......#####....
.##...#..^# ##.....#.....#P.#....
#.........###.....#.........#....
#......#...........##............


You could see a 11-headed hydra.

Vanquished Creatures
  2 hydras (Lair:2)
  A hill giant (D:11)
  2 black mambas
  2 spiny frogs
  A rime drake (Lair:2)
  A komodo dragon (Lair:1)
  A queen bee (Lair:1)
  A hornet (D:11)
  A two-headed ogre (D:10)
  2 polar bears (Lair:1)
  Grinder (D:6)
  5 blink frogs (Lair:1)
  3 dream sheep
  3 hippogriffs
  A spriggan (Lair:1)
  4 wyverns
  16 yaks
  Sigmund (D:3)
  Grum (D:10)
  A steam dragon (D:11)
  9 water moccasins (Lair:2)
  5 porcupines
  An orc warrior (D:9)
  A sky beast (D:10)
  An eye of draining (D:10)
  2 phantoms (D:4)
  6 ogres
  A black bear (D:6)
  9 wolves
  4 crocodiles
  2 centaurs
  A big kobold (D:11)
  Blork the orc (D:4)
  6 bullfrogs
  A wyvern zombie (D:10)
  3 scorpions
  24 killer bees (Lair:1)
  An electric eel (Lair:1)
  3 howler monkeys (D:8)
  3 bullfrog zombies
  11 crimson imps
  3 quasits
  A bullfrog skeleton (D:8)
  4 hounds
  7 orc wizards
  Crazy Yiuf (D:3)
  A gnoll shaman (D:10)
  3 jellies
  A centaur zombie (D:9)
  An iguana (D:8)
  9 worker ants
  A killer bee zombie (D:10)
  A hound skeleton (D:9)
  2 howler monkey skeletons
  2 worker ant zombies
  7 gnolls
  18 adders
  3 shadow imps
  2 oozes
  2 adder skeletons
  3 worms
  10 leopard geckos
  14 orcs
  9 bats
  3 giant cockroaches
  2 gnoll zombies (D:5)
  9 goblins
  12 hobgoblins
  8 jackals
  2 quokkas
  3 ball pythons
  5 frilled lizards
  A jackal skeleton (D:4)
  6 kobolds
  6 rats
  A fungus (D:4)
  A plant (Lair:1)
309 creatures vanquished.

Vanquished Creatures (others)
  A bush (Lair:1)
  A fungus (Lair:1)
  21 plants (Lair:1)
23 creatures vanquished.

Grand Total: 332 creatures vanquished

Notes
Turn   | Place    | Note
-------+----------+-------------------------------------------
     0 | D:1      | Queen the Minotaur Berserker began the quest for the Orb.
     0 | D:1      | Reached XP level 1. HP: 19/19 MP: 0/0
   103 | D:1      | Reached skill level 4 in Long Blades
   136 | D:1      | Reached XP level 2. HP: 15/26 MP: 1/1
   454 | D:1      | Reached skill level 5 in Long Blades
   562 | D:1      | Reached XP level 3. HP: 27/31 MP: 2/2
   648 | D:1      | Reached ** piety under Trog
  1106 | D:2      | Found a snail-covered altar of Cheibriados.
  1472 | D:2      | Found a glowing golden altar of the Shining One.
  1472 | D:2      | Found a bloodstained altar of Trog.
  1567 | D:3      | Reached skill level 6 in Long Blades
  1567 | D:3      | Reached XP level 4. HP: 31/39 MP: 3/3
  1754 | D:3      | Reached skill level 7 in Long Blades
  1754 | D:3      | Reached XP level 5. HP: 31/45 MP: 4/4
  2052 | D:3      | Noticed Sigmund
  2060 | D:3      | Killed Sigmund
  2060 | D:3      | Reached skill level 8 in Long Blades
  2060 | D:3      | Reached XP level 6. HP: 22/51 MP: 5/5
  2502 | D:3      | Found a runed door.
  2578 | D:3      | Noticed Crazy Yiuf
  2585 | D:3      | Killed Crazy Yiuf
  2907 | D:4      | Reached *** piety under Trog
  2913 | D:4      | Reached skill level 9 in Long Blades
  2940 | D:4      | Noticed Blork the orc
  2950 | D:4      | Killed Blork the orc
  3087 | D:4      | Reached XP level 7. HP: 57/57 MP: 6/6
  3109 | D:4      | Reached skill level 10 in Long Blades
  3333 | D:4      | Reached skill level 11 in Long Blades
  3938 | D:5      | Entered Level 5 of the Dungeon
  4292 | D:5      | Found a shadowy altar of Dithmenos.
  4345 | D:5      | Reached XP level 8. HP: 64/64 MP: 7/7
  4817 | D:5      | Found a basalt altar of Yredelemnul.
  5028 | D:6      | Reached skill level 12 in Long Blades
  5180 | D:6      | Found a snail-covered altar of Cheibriados.
  5305 | D:6      | Reached **** piety under Trog
  5360 | D:6      | Found a radiant altar of Vehumet.
  5371 | D:6      | Found an ancient bone altar of Kikubaaqudgha.
  5373 | D:6      | Reached skill level 13 in Long Blades
  5381 | D:6      | Found a deep blue altar of Sif Muna.
  5443 | D:6      | Found a staircase to the Ecumenical Temple.
  5458 | D:6      | Noticed Grinder
  5469 | D:6      | Killed Grinder
  5738 | D:7      | Found a shattered altar of Ashenzari.
  6071 | D:8      | Reached XP level 9. HP: 45/70 MP: 8/8
  6097 | D:8      | Reached skill level 14 in Long Blades
  6289 | D:8      | Found a staircase to the Lair.
  6773 | D:9      | Reached ***** piety under Trog
  6792 | D:9      | You fall through a shaft!
  6792 | D:10     | Entered Level 10 of the Dungeon
  6802 | D:9      | Reached skill level 15 in Long Blades
  6837 | D:9      | Found a burning altar of Makhleb.
  6870 | D:9      | Found a hide-covered altar of Uskayaw.
  6870 | D:9      | Found a sacrificial altar of Ru.
  7235 | D:9      | Found a deep blue altar of Sif Muna.
  7505 | D:10     | Reached skill level 16 in Long Blades
  7605 | D:10     | Reached XP level 10. HP: 72/77 MP: 9/9
  7659 | D:10     | Noticed Grum
  7673 | D:10     | Killed Grum
  7677 | D:10     | Reached skill level 17 in Long Blades
  8113 | D:10     | Found Ryt Baaff's Antique Weapon Shop.
  8137 | D:10     | Reached skill level 5 in Fighting
  8325 | D:11     | Paralysed by a hornet for 2 turns
  8634 | D:11     | Noticed a hill giant
  8647 | D:11     | Killed a hill giant
  8680 | D:11     | Noticed a death knight
  8680 | D:11     | Noticed a phantasmal warrior
  8682 | D:11     | Noticed a skeletal warrior
  8953 | Lair:1   | Entered Level 1 of the Lair of Beasts
  8957 | Lair:1   | Noticed a black mamba
  8963 | Lair:1   | Killed a black mamba
  8963 | Lair:1   | Reached skill level 5 in Armour
  9101 | Lair:1   | Reached XP level 11. HP: 66/92 MP: 10/10
  9827 | Lair:1   | Got a warped falchion
  9828 | Lair:1   | Identified the +8 falchion of Cheibriados {slice, Str+2} (You found it on level 1 of the Lair of Beasts)
  9956 | Lair:1   | Received a gift from Trog
 10440 | Lair:1   | Reached skill level 10 in Fighting
 10852 | Lair:2   | Noticed a six-headed hydra
 10853 | Lair:2   | Noticed a five-headed hydra
 10887 | Lair:2   | Killed a nine-headed hydra
 10891 | Lair:2   | Killed a ten-headed hydra
 10891 | Lair:2   | Reached XP level 12. HP: 16/112 MP: 11/11
 11175 | Lair:2   | Found a staircase to the Shoals.
 11376 | Lair:2   | Found a staircase to the Snake Pit.
 11577 | Lair:3   | Noticed a five-headed hydra
 11587 | Lair:3   | Noticed an eight-headed hydra
 11605 | Lair:2   | HP: 2/169 [11-headed hydra (11)]
 11605 | Lair:2   | Slain by an 11-headed hydra

Skill      XL: |  1  2  3  4  5  6  7  8  9 10 11 12 |
---------------+-------------------------------------+-----
Long Blades    | 4 5 6 7 8 9 11 13 16 17 | 17.4
Fighting       | 7 12 | 12.7
Armour         | 5 8 9 |  9.4
Dodging        | |  2.1

Action                   |  1- 3 |  4- 6 |  7- 9 | 10-12 || total
-------------------------+-------+-------+-------+-------++-------
Melee: Falchion          |    76 |    84 |       |   180 ||   340
       Headbutt          |    13 |    20 |    78 |   103 ||   214
       Long sword        |       |     6 |   245 |       ||   251
       Scimitar          |       |       |    72 |   169 ||   241
Invok: Berserk           |     1 |     2 |     4 |     6 ||    13
       Trog's Hand       |       |     1 |     1 |     6 ||     8
       Burn Spellbooks   |       |       |     2 |       ||     2
  Use: Scroll            |     2 |     5 |    10 |     5 ||    22
       Potion            |       |       |       |     2 ||     2
 Stab: Distracted        |       |       |       |     1 ||     1
  Eat: Chunk             |     3 |     7 |    13 |    18 ||    41
       Meat ration       |       |       |     1 |       ||     1
       Pizza             |       |       |       |     1 ||     1
Armor: Animal skin       |     6 |       |       |       ||     6
       Leather armour    |     4 |       |       |       ||     4
       Ring mail         |    12 |    14 |       |       ||    26
       Chain mail        |       |    17 |   105 |       ||   122
       Plate armour      |       |       |    34 |   243 ||   277
Dodge: Dodged            |    59 |    42 |    96 |   194 ||   391
       Rpst.: Falchion   |    12 |     9 |       |    42 ||    63
       Long sword        |       |     2 |    24 |       ||    26
       Scimitar          |       |       |     1 |    14 ||    15
